 Dungeon Crawl Stone Soup version 0.21-a0-94-gdd6ab6a (webtiles) character file.

422 smhtbhfam the Caller (level 6, -12/44 HPs)
             Began as a Barachi Summoner on June 28, 2017.
             Was a Follower of Fedhas.
             Shot with an arrow by a centaur (17 damage)
             ... on level 5 of the Dungeon on July 2, 2017.
             The game lasted 00:25:43 (2987 turns).

smhtbhfam the Caller (Barachi Summoner)             Turns: 2987, Time: 00:25:44

Health: -12/44     AC:  4    Str:  9    XL:     6   Next: 95%
Magic:  5/12       EV: 12    Int: 18    God:    Fedhas [*.....]
Gold:   117        SH:  0    Dex: 12    Spells: 3/13 levels left

rFire    + . .     SeeInvis .   a - +0 spear (flame)
rCold    + . .     Gourm    .   (no shield)
rNeg     . . .     Faith    .   p - +1 robe {rC+ rF+}
rPois    .         Spirit   .   (no helmet)
rElec    .         Reflect  .   (no cloak)
rCorr    .         Harm     .   (no gloves)
MR       .....                  f - +0 pair of boots (curse)
Stlth    ++........             (no amulet)
HPRegen  0.14/turn              (no ring)
MPRegen  0.13/turn              (no ring)

@: can't hop, slow
A: +LOS, swims, slowness 1, strong legs 1
a: Hop, Fungal Bloom, Evolution, Renounce Religion


You were on level 5 of the Dungeon.
You worshipped Fedhas.
Fedhas was aware of your devotion.
You were hungry.

You visited 1 branch of the dungeon, and saw 5 of its levels.

You collected 117 gold pieces.

Inventory:

Hand Weapons
 a - a +0 spear of flaming (weapon)
 e - a +0 dagger of venom
 s - a +0 quarterstaff
 t - a +2 flail of draining
Missiles
 g - 8 javelins (quivered)
Armour
 f - a cursed +0 pair of boots (worn)
 p - a +1 robe of resistance (worn)
 v - a +0 buckler
Magical Staves
 y - an uncursed staff of poison
Scrolls
 l - 3 scrolls of identify {unknown}
 o - a scroll of fear {unknown}
 w - a scroll of remove curse {unknown}
 x - a scroll of noise {unknown}
Potions
 c - 2 potions of curing {unknown}
 i - a potion of brilliance {unknown}
 j - a potion of mutation {unknown}
 k - a potion of heal wounds {unknown}
 m - a potion of flight {unknown}
 n - 3 potions of degeneration {unknown}
 r - a potion of cancellation {unknown}
 u - a potion of might {unknown}
Books
 b - a book of Callings

   Spells                             Type                      Level
   a - Summon Small Mammal            Summoning                    1
   b - Call Imp                       Summoning                    2
   c - Call Canine Familiar           Summoning                    3
   d - Summon Guardian Golem          Hexes/Summoning              3
   e - Summon Lightning Spire         Summoning/Air                4
   f - Summon Ice Beast               Ice/Summoning                4
Comestibles
 d - a bread ration
 h - 4 fruits
 q - 3 meat rations


   Skills:
 - Level 2.2 Fighting
 - Level 4.0 Polearms
 - Level 2.1 Dodging
 - Level 1.7 Stealth
 - Level 4.0 Spellcasting
 + Level 6.1 Summonings
 * Level 1.6 Air Magic


You had 3 spell levels left.
You knew the following spells:

 Your Spells              Type           Power        Failure   Level  Hunger
a - Summon Small Mammal   Summ           ####         1%          1    None
b - Call Imp              Summ           ####....     1%          2    ##.....
c - Call Canine Familiar  Summ           ####....     3%          3    ###....
f - Summon Lightning Spi  Summ/Air       ###.....     28%         4    ####...


Dungeon Overview and Level Annotations

Branches:
Dungeon (5/15)             Temple (0/1) D:4

Altars:
Fedhas

Annotations:
D:3 Purgy; p0werm0de's ghost, weakling CeAr


Innate Abilities, Weirdness & Mutations

Shadows flee at your approach. (+LOS)
You can swim through water.
You cover ground slowly.
You can hop short distances.


Message History

The centaur shoots an arrow.
The arrow hits your white imp!
Your white imp dies!
The centaur shoots an arrow.
The arrow hits your hound!
Your hound dies!
Your hound's corpse disappears in a puff of smoke!
A worker ant comes into view.
You see here an arrow.
The centaur shoots an arrow.
The arrow hits you!!
* * * LOW HITPOINT WARNING * * *
The centaur shoots an arrow.
The arrow closely misses you.
Okay, then.
Hop to where?
Press: ? - help, Dir - move target cursor, f - crimson imp, p - centaur
Aim: a crimson imp (friendly, summoned)
You can't hop onto your crimson imp!
Hop to where?
Press: ? - help, Dir - move target cursor, p - crimson imp Boing!
The centaur shoots an arrow.
The arrow hits you!
You die...
Fedhas appreciates your contribution to the ecosystem.

############################
..ahc(..((ยง@(5..............
############################
# # # # #
######################
.....................)


You could see a centaur, a hound and a friendly crimson imp.

Vanquished Creatures
  A bullfrog (D:4)
  A hound (D:5)
  Natasha (twice) (D:2)
  An orc wizard (D:4)
  2 adders (D:2)
  A shadow imp (D:5)
  An ooze (D:2)
  An adder skeleton (D:5)
  3 orcs
  4 bats
  A giant cockroach (D:2)
  A goblin (D:1)
  3 hobgoblins (D:2)
  A jackal (D:1)
  2 kobolds
  2 quokkas (D:2)
  5 frilled lizards
32 creatures vanquished.

Vanquished Creatures (collateral kills)
  A crimson imp (D:5)
  3 orc priests (D:4)
  3 orc wizards (D:4)
  Jessica (D:2)
  An iguana (D:4)
  Natasha (D:2)
  3 worker ants
  3 adders
  A shadow imp (D:5)
  A worm (D:4)
  A dart slug (D:2)
  2 leopard geckos
  8 orcs
  A giant cockroach (D:2)
  2 hobgoblins
  4 jackals (D:1)
  2 bats
  10 kobolds
48 creatures vanquished.

Vanquished Creatures (others)
  33 toadstools
33 creatures vanquished.

Grand Total: 113 creatures vanquished

Notes
Turn   | Place    | Note
-------+----------+-------------------------------------------
     0 | D:1      | smhtbhfam the Barachi Summoner began the quest for the Orb.
     0 | D:1      | Reached XP level 1. HP: 13/13 MP: 3/3
   189 | D:1      | Upgraded the game from 0.21-a0-91-ga5031da to 0.21-a0-94-gdd6ab6a
   189 | D:1      | oh, i had a save here?
   213 | D:1      | Reached skill level 1 in Fighting
   284 | D:1      | Reached XP level 2. HP: 19/22 MP: 5/5
   327 | D:1      | Reached skill level 2 in Fighting
   344 | D:1      | Learned a level 2 spell: Call Imp
   455 | D:1      | Reached skill level 1 in Polearms
   509 | D:2      | Found a blossoming altar of Fedhas.
   528 | D:2      | Noticed Natasha
   534 | D:2      | Killed Natasha
   534 | D:2      | Reached skill level 2 in Polearms
   534 | D:2      | Reached XP level 3. HP: 27/27 MP: 0/6
   576 | D:2      | Became a worshipper of Fedhas Madash
   726 | D:2      | Noticed Natasha
   752 | D:2      | Killed Natasha
   752 | D:2      | Reached skill level 3 in Polearms
   752 | D:2      | Reached XP level 4. HP: 12/33 MP: 2/7
   840 | D:2      | Learned a level 3 spell: Call Canine Familiar
  1094 | D:2      | Noticed Jessica
  1163 | D:2      | Killed Jessica
  1178 | D:2      | robe of resistance
  1178 | D:2      | noice
  1367 | D:3      | Noticed p0werm0de's ghost (weakling CeAr)
  1370 | D:3      | goddamn it
  1370 | D:3      | p0werm0de aren't you supposed to be a good player :/
  1393 | D:2      | centaur ghost, woo
  1495 | D:2      | Noticed Natasha
  1502 | D:2      | Killed Natasha
  1561 | D:2      | Reached XP level 5. HP: 34/38 MP: 8/8
  1603 | D:3      | Noticed Purgy
  1734 | D:2      | Reached skill level 4 in Polearms
  1869 | D:4      | d:3 skipped
  2099 | D:4      | Reached skill level 5 in Summonings
  2209 | D:4      | Reached skill level 3 in Spellcasting
  2227 | D:4      | Reached XP level 6. HP: 25/44 MP: 5/10
  2233 | D:4      | Reached * piety under Fedhas
  2472 | D:4      | Learned a level 4 spell: Summon Lightning Spire
  2546 | D:4      | Found a staircase to the Ecumenical Temple.
  2626 | D:5      | Entered Level 5 of the Dungeon
  2744 | D:5      | Reached skill level 1 in Air Magic
  2751 | D:5      | Reached skill level 6 in Summonings
  2953 | D:5      | Reached skill level 4 in Spellcasting
  2986 | D:5      | HP: 5/44 [centaur/arrow (19)]
  2987 | D:5      | Shot with an arrow by a centaur

Vault maps used:
D:1:      dpeg_arrival_long_road
D:2:      fedhas_altar_3, first_bread, serial_bayou_lagoon_a,
          minmay_close_crescents, uniq_natasha, uniq_jessica
D:3:      minmay_ruptured, uniq_purgy
D:4:      minmay_temple_entry_statues, st_stairs_4
D:5:      uniq_blork_the_orc

Skill      XL: |  1  2  3  4  5  6 |
---------------+-------------------+-----
Fighting       | 1 2 |  2.2
Polearms       | 2 3 4 |  4.0
Summonings     | 5 6 |  6.1
Spellcasting   | 3 4 |  4.0
Air Magic      | 1 |  1.6
Dodging        | |  2.1
Stealth        | |  1.7

Action                   |  1- 3 |  4- 6 || total
-------------------------+-------+-------++-------
Melee: Spear             |    63 |   122 ||   185
       Unarmed           |    10 |       ||    10
       Whip              |     2 |       ||     2
       Dagger            |       |     2 ||     2
       Quarterstaff      |       |    14 ||    14
 Cast: Summon Small Mamm |    12 |     4 ||    16
       Call Imp          |    12 |    30 ||    42
       Call Canine Famil |       |    12 ||    12
Invok: Fungal Bloom      |     3 |    13 ||    16
 Abil: Hop               |       |     3 ||     3
 Stab: Distracted        |     3 |     2 ||     5
       Sleeping          |     1 |     4 ||     5
  Eat: Chunk             |     1 |     5 ||     6
       Royal jelly       |       |     1 ||     1
       Bread ration      |       |     1 ||     1
Armor: Robe              |    23 |    23 ||    46
Dodge: Dodged            |    65 |    69 ||   134
